AoeStats
← Tomate

Arena

510440864Analyzed
2v2 RM · 3d ago on Oct 1, 2026· 52m 45s· 4 players
Game mode
Random Map
Map size
Medium (4 player)
Population
200
Speed
Normal
Resources
Standard
Victory
Conquest
Starting age
Dark Age
Ending age
Imperial Age
RankedLock teamsTeams togetherTeam positionsShared explorationLock speedFull tech treeHidden civsTurbo modeCheats
Victory
Defeat
🇨🇱 Portuguese · Chile
993
+17
🇨🇱 Magyars · Chile
992
+17
🇨🇦 Khmer · Canada
1017
-17
🇺🇸 Bengalis · United States
1008
-17
Tomate
9:41 Feudal Age
10:30 Horse Collar
10:36 Double-Bit Axe
13:10 Bloodlines
15:11 Wheelbarrow
20:52 Castle Age
19:07 Scale Barding Armor
21:54 Hand Cart
21:42 Town Watch
21:33 Light Cavalry
22:46 Heavy Plow
22:57 Bow Saw
23:20 Husbandry
24:41 Chain Barding Armor
27:34 Gold Mining
28:53 Loom
29:08 Fletching
29:11 Pikeman
31:18 Scale Mail Armor
32:09 Gold Shaft Mining
31:32 Arson
33:25 Stone Mining
38:01 Imperial Age
36:19 Chain Mail Armor
36:12 Treadmill Crane
36:28 Murder Holes
37:01 Bodkin Arrow
38:31 Corvinian Army
46:01 Plate Barding Armor
45:28 Halberdier
nnickk0
9:49 Feudal Age
9:20 Loom
13:52 Castle Age
12:04 Double-Bit Axe
12:19 Horse Collar
17:58 Bow Saw
19:24 Fervor
19:30 Gold Mining
19:43 Heavy Plow
20:14 Pikeman
25:15 Wheelbarrow
30:45 Imperial Age
30:06 Hand Cart
32:57 Halberdier
34:37 Crop Rotation
34:32 Forging
35:50 Chemistry
35:44 Sanctity
35:44 Block Printing
36:14 Theocracy
37:42 Onager
39:35 Capped Ram
40:00 Crossbowman
40:47 Thumb Ring
41:35 Stone Mining
43:26 Iron Casting
42:51 Scale Mail Armor
48:22 Siege Engineers
48:38 Ballistics
49:20 Blast Furnace
48:35 Chain Mail Armor
budreaux
1:28 Loom
10:33 Feudal Age
11:26 Double-Bit Axe
11:31 Horse Collar
20:33 Castle Age
18:45 Gold Mining
19:53 Fletching
20:17 Scale Barding Armor
21:15 Heavy Plow
21:54 Wheelbarrow
21:32 Bow Saw
24:51 Padded Archer Armor
29:22 Bodkin Arrow
36:10 Imperial Age
34:11 Caravan
35:07 Chain Barding Armor
34:53 Husbandry
36:10 Bloodlines
37:01 Bracer
38:53 Conscription
38:02 Light Cavalry
40:17 Fortified Wall
41:11 Chemistry
41:37 Forging
42:02 Plate Barding Armor
40:55 Elite Elephant Archer
TigerKing
11:29 Feudal Age
14:26 Castle Age
12:41 Double-Bit Axe
12:49 Horse Collar
13:31 Stone Mining
13:37 Gold Mining
16:25 Light Cavalry
18:32 Bloodlines
21:46 Scale Barding Armor
21:52 Forging
26:03 Iron Casting
27:01 Chain Barding Armor
32:36 Imperial Age
33:33 Scale Mail Armor
33:29 Fletching
33:40 Padded Archer Armor
33:02 Crossbowman
33:50 Gold Mining
35:35 Hoardings
38:40 Capped Ram
40:07 Plate Barding Armor
40:33 Blast Furnace
40:51 Conscription
41:25 Arbalester
46:15 Bodkin Arrow
49:20 Heavy Scorpion
50:03 Double Crossbow
50:42 Plate Barding Armor
51:07 Blast Furnace
50:10 Husbandry
52:53 Ballistics
53:34 Chemistry
52:40 Siege Engineers
Connection lost

Rejoining the realm…

Still unreachable

The connection could not be restored.

Session expired

The server has moved on; the page needs a fresh start.